| TOP OF THE 1ST |
|
London Majors batting - Pitching for Winnipeg Goldeyes : RHP Brian Waldrip
|
|
Pitching: RHP Brian Waldrip
|
|
|
Batting: SHB Steve Ramsey
|
0-0: SINGLE (Line Drive, 7S, EV 100.6 MPH)
|
|
Batting: RHB Chad Colyer
|
0-0: Foul Ball, location: 2F 0-1: Foul Ball, location: 2F 0-2: Foul Ball, location: 2F 0-2: Ball 1-2: Ball 2-2: Ball 3-2: Fly out, F8 (Line Drive, 8RD, EV 90.6 MPH)
|
|
Batting: SHB Toby Patenaude
|
0-0: Ball 1-0: Fly out, F8 (Flyball, 8RXD, EV 100.0 MPH)
|
|
Batting: RHB Carlos Bravo
|
0-0: Hit by Pitch Steve Ramsey to second
|
|
Batting: RHB Cormackle Poohdatoot
|
0-0: Ball 1-0: Ball 2-0: Called Strike 2-1: Foul Ball, location: 2F 2-2: Strikes out looking
|
| Top of the 1st over - 0 runs, 1 hit, 0 errors, 2 left on base; London 0 - Winnipeg 0 |
| BOTTOM OF THE 1ST |
|
Winnipeg Goldeyes batting - Pitching for London Majors : LHP Raul Pimentel
|
|
Pitching: LHP Raul Pimentel
|
|
|
Batting: RHB Mike Berzins
|
0-0: Ball 1-0: Fly out, F7 (Flyball, 7D, EV 78.8 MPH)
|
|
Batting: RHB Itocravo Arrochela
|
0-0: Called Strike 0-1: Ball 1-1: Ball 2-1: Swinging Strike 2-2: Ball 3-2: Base on Balls
|
|
Batting: RHB Terry Oetker
|
0-0: Called Strike Itocravo Arrochela steals 2nd base 0-1: Ball 1-1: Ground out 3-1 (Groundball, 34, EV 97.5 MPH) Itocravo Arrochela to third
|
|
Batting: RHB Yu-zeng Mai
|
0-0: Ball 1-0: Ball 2-0: Called Strike 2-1: Ball 3-1: Base on Balls
|
|
Batting: RHB Alejandro de Jesus
|
0-0: Called Strike 0-1: Called Strike 0-2: Foul Ball, location: 2F 0-2: Ball 1-2: Ball 2-2: Strikes out swinging
|
| Bottom of the 1st over - 0 runs, 0 hits, 0 errors, 2 left on base; London 0 - Winnipeg 0 |
| TOP OF THE 2ND |
|
London Majors batting - Pitching for Winnipeg Goldeyes : RHP Brian Waldrip
|
|
Batting: RHB Tom Bergman
|
0-0: Foul Ball, location: 2F 0-1: Swinging Strike 0-2: Ball 1-2: Strikes out swinging
|
|
Batting: RHB Lewis O'Connell
|
0-0: Called Strike 0-1: Ball 1-1: Ball 2-1: Bunted foul 2-2: Strikes out swinging
|
|
Batting: RHB Brandon Williams
|
0-0: Ball 1-0: Foul Ball, location: 2F 1-1: Swinging Strike 1-2: Strikes out swinging
|
| Top of the 2nd over - 0 runs, 0 hits, 0 errors, 0 left on base; London 0 - Winnipeg 0 |
| BOTTOM OF THE 2ND |
|
Winnipeg Goldeyes batting - Pitching for London Majors : LHP Raul Pimentel
|
|
Batting: RHB Ned Scovell
|
0-0: Called Strike 0-1: Called Strike 0-2: Foul Ball, location: 2F 0-2: Fly out, F9 (Flyball, 9D, EV 108.1 MPH)
|
|
Batting: RHB Braydon Garland
|
0-0: Called Strike 0-1: Ball 1-1: Ball 2-1: Fly out, F9 (Line Drive, 89M, EV 110.6 MPH)
|
|
Batting: RHB Andy Valenzuela
|
0-0: Called Strike 0-1: Ground out U3 (Groundball, 3S, EV 89.4 MPH)
|
| Bottom of the 2nd over - 0 runs, 0 hits, 0 errors, 0 left on base; London 0 - Winnipeg 0 |
| TOP OF THE 3RD |
|
London Majors batting - Pitching for Winnipeg Goldeyes : RHP Brian Waldrip
|
|
Batting: RHB Jerry Perez
|
0-0: Ground out 5-3 (Groundball, 5, EV 79.4 MPH)
|
|
Batting: SHB Steve Ramsey
|
0-0: Ball 1-0: Fly out, F8 (Line Drive, 8LM, EV 91.2 MPH)
|
|
Batting: RHB Chad Colyer
|
0-0: Foul Ball, location: 2F 0-1: Ball 1-1: Foul Ball, location: 2F 1-2: Strikes out swinging
|
| Top of the 3rd over - 0 runs, 0 hits, 0 errors, 0 left on base; London 0 - Winnipeg 0 |
| BOTTOM OF THE 3RD |
|
Winnipeg Goldeyes batting - Pitching for London Majors : LHP Raul Pimentel
|
|
Batting: RHB Ricky Saucedo
|
0-0: Ball 1-0: Called Strike 1-1: Ball 2-1: Foul Ball, location: 2F 2-2: Strikes out looking
|
|
Batting: RHB Mike Berzins
|
0-0: Called Strike 0-1: Ground out 1-3 (Groundball, 15, EV 75.0 MPH)
|
|
Batting: RHB Itocravo Arrochela
|
0-0: SINGLE (Groundball, 34D, EV 84.4 MPH) (infield hit)
|
|
Batting: RHB Terry Oetker
|
0-0: Called Strike 0-1: Ball 1-1: Ball 2-1: Foul Ball, location: 2F 2-2: Strikes out swinging
|
| Bottom of the 3rd over - 0 runs, 1 hit, 0 errors, 1 left on base; London 0 - Winnipeg 0 |
| TOP OF THE 4TH |
|
London Majors batting - Pitching for Winnipeg Goldeyes : RHP Brian Waldrip
|
|
Batting: SHB Toby Patenaude
|
0-0: Foul Ball, location: 2F 0-1: Ball 1-1: Foul Ball, location: 2F 1-2: Ball 2-2: Ground out 5-3 (Groundball, 56, EV 96.9 MPH)
|
|
Batting: RHB Carlos Bravo
|
0-0: Foul Ball, location: 2F 0-1: Foul Ball, location: 2F 0-2: Ball 1-2: Ball 2-2: Fly out, F8 (Flyball, 8LXD, EV 88.8 MPH)
|
|
Batting: RHB Cormackle Poohdatoot
|
0-0: Called Strike 0-1: Ball 1-1: Swinging Strike 1-2: Ball 2-2: Strikes out swinging
|
| Top of the 4th over - 0 runs, 0 hits, 0 errors, 0 left on base; London 0 - Winnipeg 0 |
| BOTTOM OF THE 4TH |
|
Winnipeg Goldeyes batting - Pitching for London Majors : LHP Raul Pimentel
|
|
Batting: RHB Yu-zeng Mai
|
0-0: Called Strike 0-1: Swinging Strike 0-2: Strikes out swinging
|
|
Batting: RHB Alejandro de Jesus
|
0-0: Ground out 6-3 (Groundball, 6MS, EV 70.6 MPH)
|
|
Batting: RHB Ned Scovell
|
0-0: Ball 1-0: Ball 2-0: Ball 3-0: Base on Balls
|
|
Batting: RHB Braydon Garland
|
0-0: Ball 1-0: Ball 2-0: Swinging Strike 2-1: Ball 3-1: Foul Ball, location: 2F 3-2: Base on Balls Ned Scovell to second
|
|
Batting: RHB Andy Valenzuela
|
0-0: Called Strike 0-1: Ball 1-1: Ball 2-1: Fielders Choice at 2nd, 5-4 (Groundball, 56, EV 93.1 MPH)
|
| Bottom of the 4th over - 0 runs, 0 hits, 0 errors, 2 left on base; London 0 - Winnipeg 0 |
| TOP OF THE 5TH |
|
London Majors batting - Pitching for Winnipeg Goldeyes : RHP Brian Waldrip
|
|
Batting: RHB Tom Bergman
|
0-0: Called Strike 0-1: Fly out, F6 (Line Drive, 6, EV 63.1 MPH)
|
|
Batting: RHB Lewis O'Connell
|
0-0: Called Strike 0-1: Ball 1-1: Called Strike 1-2: Foul Ball, location: 2F 1-2: Ground out 5-3 (Groundball, 56S, EV 64.4 MPH)
|
|
Batting: RHB Brandon Williams
|
0-0: Foul Ball, location: 2F 0-1: Foul Ball, location: 2F 0-2: Foul Ball, location: 2F 0-2: Ball 1-2: Ball 2-2: Ball 3-2: SINGLE (Groundball, 6MD, EV 102.5 MPH)
|
|
Batting: RHB Jerry Perez
|
0-0: Ball 1-0: Foul Ball, location: 2F 1-1: Ground out 6-3 (Groundball, 6S, EV 81.9 MPH)
|
| Top of the 5th over - 0 runs, 1 hit, 0 errors, 1 left on base; London 0 - Winnipeg 0 |
| BOTTOM OF THE 5TH |
|
Winnipeg Goldeyes batting - Pitching for London Majors : LHP Raul Pimentel
|
|
Batting: RHB Ricky Saucedo
|
0-0: Ball 1-0: Ball 2-0: Ball 3-0: Swinging Strike 3-1: Base on Balls
|
|
Batting: RHB Mike Berzins
|
0-0: Ball 1-0: Fly out, F9 (Flyball, 9S, EV 88.8 MPH)
|
|
Batting: RHB Itocravo Arrochela
|
0-0: Ball 1-0: Called Strike 1-1: Swinging Strike 1-2: Ball 2-2: Ball 3-2: Foul Ball, location: 2F 3-2: Strikes out looking
|
|
Batting: RHB Terry Oetker
|
0-0: Ball 1-0: Ball 2-0: Ball 3-0: Base on Balls Ricky Saucedo to second
|
|
Batting: RHB Yu-zeng Mai
|
0-0: Ball 1-0: Called Strike 1-1: Called Strike 1-2: Foul Ball, location: 2F 1-2: Foul Ball, location: 2F 1-2: Strikes out swinging
|
| Bottom of the 5th over - 0 runs, 0 hits, 0 errors, 2 left on base; London 0 - Winnipeg 0 |
| TOP OF THE 6TH |
|
London Majors batting - Pitching for Winnipeg Goldeyes : RHP Brian Waldrip
|
|
Batting: SHB Steve Ramsey
|
0-0: Ball 1-0: Foul Ball, location: 2F 1-1: Fly out, F7 (Flyball, 7, EV 89.4 MPH)
|
|
Batting: RHB Chad Colyer
|
0-0: Called Strike 0-1: Swinging Strike 0-2: Foul Ball, location: 2F 0-2: Ball 1-2: Strikes out looking
|
|
Batting: SHB Toby Patenaude
|
0-0: Ball 1-0: Ball 2-0: Ball 3-0: Base on Balls
|
|
Batting: RHB Carlos Bravo
|
0-0: Ball 1-0: Ball Toby Patenaude is caught stealing 2nd base 2-4
|
| Top of the 6th over - 0 runs, 0 hits, 0 errors, 0 left on base; London 0 - Winnipeg 0 |
| BOTTOM OF THE 6TH |
|
Winnipeg Goldeyes batting - Pitching for London Majors : LHP Raul Pimentel
|
|
Batting: RHB Alejandro de Jesus
|
0-0: Called Strike 0-1: DOUBLE (Line Drive, 89D, EV 110.0 MPH)
|
|
Batting: RHB Ned Scovell
|
0-0: Foul Ball, location: 2F 0-1: Ball 1-1: Fly out, F9 (Line Drive, 9, EV 89.4 MPH)
|
|
Batting: RHB Braydon Garland
|
0-0: Called Strike 0-1: Ball 1-1: Foul Ball, location: 2F 1-2: SINGLE (Line Drive, 8LS, EV 93.8 MPH) Alejandro de Jesus to third Runner from 3rd tries for Home, throw by CF and OUT! 8-2
|
|
Batting: RHB Andy Valenzuela
|
0-0: Called Strike 0-1: Fly out, F8 (Flyball, 8RXD, EV 101.9 MPH)
|
| Bottom of the 6th over - 0 runs, 2 hits, 0 errors, 1 left on base; London 0 - Winnipeg 0 |
| TOP OF THE 7TH |
|
London Majors batting - Pitching for Winnipeg Goldeyes : RHP Brian Waldrip
|
|
Batting: RHB Carlos Bravo
|
0-0: Called Strike 0-1: Ground out U3 (Groundball, 34, EV 82.5 MPH)
|
|
Batting: RHB Cormackle Poohdatoot
|
0-0: Ball 1-0: Called Strike 1-1: Ball 2-1: SINGLE (Line Drive, 8LS, EV 103.8 MPH)
|
|
Batting: RHB Tom Bergman
|
0-0: Called Strike 0-1: Ball 1-1: Foul Ball, location: 2F 1-2: Foul Ball, location: 2F 1-2: Ball 2-2: Strikes out swinging
|
|
Batting: RHB Lewis O'Connell
|
0-0: Called Strike 0-1: Ball 1-1: Fly out, F8 (Line Drive, 8LD, EV 99.4 MPH)
|
| Top of the 7th over - 0 runs, 1 hit, 0 errors, 1 left on base; London 0 - Winnipeg 0 |
| BOTTOM OF THE 7TH |
|
Winnipeg Goldeyes batting - Pitching for London Majors : LHP Raul Pimentel
|
|
Batting: RHB Ricky Saucedo
|
0-0: Foul Ball, location: 2F 0-1: Foul Ball, location: 2F 0-2: SINGLE (Groundball, 56D, EV 106.9 MPH)
|
|
Batting: RHB Mike Berzins
|
0-0: Bunted foul 0-1: Bunted foul 0-2: Ball 1-2: Fly out, F7 (Flyball, 7, EV 84.4 MPH)
|
|
Batting: RHB Itocravo Arrochela
|
0-0: Called Strike 0-1: Foul Ball, location: 2F 0-2: SINGLE (Groundball, 6MD, EV 104.4 MPH) Ricky Saucedo to second Runner from 2nd tries for 3rd, SAFE, throw by CF made to third
|
|
Batting: RHB Terry Oetker
|
0-0: Ball 1-0: Ball 2-0: Foul Ball, location: 2F 2-1: 3-RUN HOME RUN (Flyball, 89XD, EV 105.6 MPH), Distance : 428 ft
|
|
Batting: RHB Yu-zeng Mai
|
0-0: Foul Ball, location: 2F 0-1: SOLO HOME RUN (Line Drive, 7D, EV 98.1 MPH), Distance : 397 ft
|
|
Batting: RHB Alejandro de Jesus
|
0-0: Foul Ball, location: 2F 0-1: Swinging Strike 0-2: Ball 1-2: Strikes out swinging
|
|
Batting: RHB Ned Scovell
|
0-0: Reached on error, E7 (Line Drive, 7, EV 88.8 MPH)
|
|
Pitching: LHP Antoine Herndon
|
|
|
Batting: RHB Braydon Garland
|
0-0: Ground out 4-3 (Groundball, 34, EV 93.1 MPH)
|
| Bottom of the 7th over - 4 runs, 4 hits, 1 error, 1 left on base; London 0 - Winnipeg 4 |
| TOP OF THE 8TH |
|
London Majors batting - Pitching for Winnipeg Goldeyes : RHP Brian Waldrip
|
|
Batting: RHB Brandon Williams
|
0-0: Swinging Strike 0-1: Foul Ball, location: 2F 0-2: Ball 1-2: Ball 2-2: Ball 3-2: Foul Ball, location: 2F 3-2: Foul Ball, location: 2F 3-2: Ground out 4-3 (Groundball, 4, EV 98.1 MPH)
|
|
Pitching: RHP Juan Castro
|
|
|
Pinch Hitting: LHB Edwin Esparza
|
0-0: Ball 1-0: Foul Ball, location: 2F 1-1: Ball 2-1: Called Strike 2-2: Strikes out swinging
|
|
Batting: SHB Steve Ramsey
|
0-0: Ball 1-0: Foul Ball, location: 2F 1-1: Foul Ball, location: 2F 1-2: Foul Ball, location: 2F 1-2: Ball 2-2: SOLO HOME RUN (Line Drive, 9D, EV 99.4 MPH), Distance : 385 ft
|
|
Pitching: LHP Bryce Alexander
|
|
|
Batting: RHB Chad Colyer
|
0-0: Called Strike 0-1: Foul Ball, location: 2F 0-2: Ball 1-2: Foul Ball, location: 2F 1-2: Ball 2-2: Strikes out swinging
|
| Top of the 8th over - 1 run, 1 hit, 0 errors, 0 left on base; London 1 - Winnipeg 4 |
| BOTTOM OF THE 8TH |
|
Winnipeg Goldeyes batting - Pitching for London Majors : LHP Antoine Herndon
|
|
Now at 3B: Edwin Esparza
|
|
|
Batting: RHB Andy Valenzuela
|
0-0: Called Strike 0-1: Foul Ball, location: 2F 0-2: Ball 1-2: Strikes out swinging
|
|
Batting: RHB Ricky Saucedo
|
0-0: Ball 1-0: Swinging Strike 1-1: Called Strike 1-2: Strikes out looking
|
|
Batting: RHB Mike Berzins
|
0-0: Ball 1-0: Ball 2-0: Ball 3-0: Called Strike 3-1: Foul Ball, location: 2F 3-2: Foul Ball, location: 2F 3-2: Base on Balls
|
|
Batting: RHB Itocravo Arrochela
|
0-0: Ball 1-0: Called Strike 1-1: Fielders Choice at 2nd, 6-4 (Groundball, 6, EV 81.9 MPH)
|
| Bottom of the 8th over - 0 runs, 0 hits, 0 errors, 1 left on base; London 1 - Winnipeg 4 |
| TOP OF THE 9TH |
|
London Majors batting - Pitching for Winnipeg Goldeyes : LHP Bryce Alexander
|
|
Batting: SHB Toby Patenaude
|
0-0: Foul Ball, location: 2F 0-1: SOLO HOME RUN (Flyball, 7D, EV 110.6 MPH), Distance : 400 ft
|
|
Batting: RHB Carlos Bravo
|
0-0: Called Strike 0-1: Foul Ball, location: 2F 0-2: Ball 1-2: Ball 2-2: Ground out U3 (Groundball, 13, EV 86.9 MPH)
|
|
Pinch Hitting: RHB Carlos Murillo
|
0-0: Ball 1-0: Called Strike 1-1: Foul Ball, location: 2F 1-2: Strikes out looking
|
|
Pinch Hitting: RHB Mel Bohorquez
|
0-0: Ball 1-0: Foul Ball, location: 2F 1-1: Foul Ball, location: 2F 1-2: Ball 2-2: Fly out, F8 (Line Drive, 8RM, EV 100.6 MPH)
|
| Top of the 9th over - 1 run, 1 hit, 0 errors, 0 left on base; London 2 - Winnipeg 4 |
|